PCL
RENO ACES @ SALT LAKE BEES
04/17/2098
 
TOP OF THE 1ST
Reno Aces batting - Pitching for Salt Lake Bees : RHP Carlos Filpo
Pitching: RHP Carlos Filpo
Batting: RHB Josh Leazer 0-0: Ball
1-0: Ball
2-0: Foul Ball, location: 7LMF
2-1: DOUBLE (Groundball, 5L, EV 101.3 MPH)
Batting: RHB Bob Small 0-0: Foul Ball, location: 3FF
0-1: Swinging Strike
0-2: Ball
1-2: Foul Ball, location: 3F
1-2: Ball
2-2: Foul Ball, location: 5SF
2-2: Strikes out swinging
Batting: RHB Melvin Ramos 0-0: Fly out, F8 (Flyball, 8RM, EV 91.9 MPH)
Batting: LHB Eric Hamilton 0-0: Called Strike
0-1: Ball
1-1: Swinging Strike
1-2: Strikes out swinging
Top of the 1st over - 0 runs, 1 hit, 0 errors, 1 left on base; Reno 0 - Salt Lake 0
BOTTOM OF THE 1ST
Salt Lake Bees batting - Pitching for Reno Aces : LHP Jim Unknown
Pitching: LHP Jim Unknown
Batting: RHB Matthew Allen 0-0: Ball
1-0: Called Strike
1-1: Foul Ball, location: 23F
1-2: Ball
2-2: Ground out 6-3 (Groundball, 6, EV 91.9 MPH)
Batting: RHB Juan Cruz 0-0: Ball
1-0: Ground out 4-3 (Groundball, 4, EV 103.1 MPH)
Batting: LHB Matt Davis 0-0: Ball
1-0: Swinging Strike
1-1: Foul Ball, location: 3FF
1-2: Ground out 5-3 (Groundball, 5L, EV 105.0 MPH)
Bottom of the 1st over - 0 runs, 0 hits, 0 errors, 0 left on base; Reno 0 - Salt Lake 0
TOP OF THE 2ND
Reno Aces batting - Pitching for Salt Lake Bees : RHP Carlos Filpo
Batting: RHB Jason Moberg 0-0: Called Strike
0-1: Fly out, F8 (Line Drive, 8LM, EV 85.0 MPH)
Batting: RHB Ben Pruiett 0-0: Ball
1-0: Foul Ball, location: 2F
1-1: Swinging Strike
1-2: Ground out U3 (Groundball, 34, EV 87.5 MPH)
Batting: LHB Eric Lawrence 0-0: Called Strike
0-1: Ball
1-1: Foul Ball, location: 3F
1-2: Ball
2-2: Strikes out swinging
Top of the 2nd over - 0 runs, 0 hits, 0 errors, 0 left on base; Reno 0 - Salt Lake 0
BOTTOM OF THE 2ND
Salt Lake Bees batting - Pitching for Reno Aces : LHP Jim Unknown
Batting: RHB Roberto Lozano 0-0: Called Strike
0-1: SINGLE (Flyball, 8RS, EV 103.1 MPH)
Batting: RHB Jake Foster 0-0: Called Strike
0-1: Ball
1-1: Foul Ball, location: 2F
1-2: DOUBLE (Flyball, 9LD, EV 93.1 MPH)
Roberto Lozano to third
Batting: LHB Ramon Bermudez 0-0: Ball
1-0: Called Strike
1-1: Foul Ball, location: 7LDF
1-2: SINGLE (Line Drive, 6D, EV 103.8 MPH)
Roberto Lozano scores
Jake Foster to third
Batting: RHB Clark Beach 0-0: Ball
1-0: Ball
2-0: Called Strike
2-1: Foul Ball, location: 9LDF
2-2: Ball
3-2: Foul Ball, location: 9LDF
3-2: Base on Balls
Ramon Bermudez to second
Batting: SHB Ross Chambers 0-0: Ball
1-0: Called Strike
1-1: Ball
2-1: Fly out, F9 (Flyball, 9S, EV 90.0 MPH)
Batting: RHB Noah Mahaffey 0-0: Ball
1-0: Ball
2-0: Foul Ball, location: 2F
2-1: Ball
3-1: SINGLE (Groundball, 4MD, EV 110.6 MPH)
Jake Foster scores
Ramon Bermudez to third
Clark Beach to second
Runner from 3rd tries for Home, SAFE, throw by CF to home
Batting: RHB Matthew Allen 0-0: Ball
1-0: Called Strike
1-1: Called Strike
1-2: Ball
2-2: Foul Ball, location: 9LMF
2-2: Ball
3-2: SINGLE (Line Drive, 34D, EV 95.0 MPH)
Clark Beach to third
Noah Mahaffey to second
Runner from 3rd tries for Home, SAFE, throw by RF to home
Batting: RHB Juan Cruz 0-0: Called Strike
0-1: Ball
1-1: Ball
2-1: SINGLE (Groundball, 6D, EV 95.0 MPH)
Noah Mahaffey to third
Matthew Allen to second
Runner from 3rd tries for Home, SAFE, throw by CF to home
Batting: LHB Matt Davis 0-0: Ball
1-0: Ball
2-0: Ball
3-0: Called Strike
3-1: Foul Ball, location: 2F
3-2: Fly out, F8 (Line Drive, 8RD, EV 88.1 MPH)
Batting: RHB Roberto Lozano 0-0: Foul Ball, location: 9LMF
0-1: Called Strike
0-2: Foul Ball, location: 2F
0-2: Ball
1-2: Fly out, F3 (Popup, 3SF, EV 64.4 MPH)
Bottom of the 2nd over - 5 runs, 6 hits, 0 errors, 2 left on base; Reno 0 - Salt Lake 5
TOP OF THE 3RD
Reno Aces batting - Pitching for Salt Lake Bees : RHP Carlos Filpo
Batting: RHB Eric Adams 0-0: Swinging Strike
0-1: Ball
1-1: Ball
2-1: SINGLE (Line Drive, 89S, EV 107.5 MPH)
Batting: RHB Giovanni Foreman 0-0: Grounds into double play, 4-6-3 (Groundball, 4M, EV 100.0 MPH)
Batting: RHB Josh Leazer 0-0: Ball
1-0: Fly out, F9 (Flyball, 9, EV 87.5 MPH)
Top of the 3rd over - 0 runs, 1 hit, 0 errors, 0 left on base; Reno 0 - Salt Lake 5
BOTTOM OF THE 3RD
Salt Lake Bees batting - Pitching for Reno Aces : LHP Jim Unknown
Batting: RHB Jake Foster 0-0: Ball
1-0: Ball
2-0: Swinging Strike
2-1: Swinging Strike
2-2: Ball
3-2: Base on Balls
Pitching: RHP Jim Unknown
Batting: LHB Ramon Bermudez 0-0: Called Strike
0-1: Fly out, F8 (Line Drive, 8LS, EV 98.8 MPH)
Batting: RHB Clark Beach 0-0: Called Strike
0-1: Fly out, F7 (Flyball, 7, EV 93.1 MPH)
Batting: SHB Ross Chambers 0-0: Called Strike
0-1: DOUBLE (Flyball, 78XD, EV 101.9 MPH)
Jake Foster to third
Runner from 3rd tries for Home, SAFE, throw by LF to home
Batting: RHB Noah Mahaffey 0-0: SINGLE (Groundball, 6, EV 90.0 MPH) (infield hit)
Ross Chambers to third
Batting: RHB Matthew Allen 0-0: Ball
1-0: Foul Ball, location: 5FF
1-1: Ground out 5-3 (Groundball, 5S, EV 65.6 MPH)
Bottom of the 3rd over - 1 run, 2 hits, 0 errors, 2 left on base; Reno 0 - Salt Lake 6
TOP OF THE 4TH
Reno Aces batting - Pitching for Salt Lake Bees : RHP Carlos Filpo
Batting: RHB Bob Small 0-0: SOLO HOME RUN (Flyball, 7LD, EV 93.8 MPH), Distance : 354 ft
Batting: RHB Melvin Ramos 0-0: Called Strike
0-1: Ball
1-1: Foul Ball, location: 5F
1-2: Strikes out looking
Batting: LHB Eric Hamilton 0-0: Called Strike
0-1: Ball
1-1: Fly out, F7 (Flyball, 7S, EV 90.6 MPH)
Batting: RHB Jason Moberg 0-0: Fly out, F8 (Line Drive, 89M, EV 102.5 MPH)
Top of the 4th over - 1 run, 1 hit, 0 errors, 0 left on base; Reno 1 - Salt Lake 6
BOTTOM OF THE 4TH
Salt Lake Bees batting - Pitching for Reno Aces : RHP Jim Unknown
Batting: RHB Juan Cruz 0-0: Called Strike
0-1: SINGLE (Groundball, 6, EV 105.6 MPH)
Batting: LHB Matt Davis 0-0: Ball
1-0: Ball
2-0: Foul Ball, location: 5SF
2-1: Ball
3-1: Base on Balls
Juan Cruz to second
Batting: RHB Roberto Lozano 0-0: Ball
1-0: Foul Ball, location: 2LF
1-1: SINGLE (Line Drive, 56D, EV 94.4 MPH)
Juan Cruz to third
Matt Davis to second
Batting: RHB Jake Foster 0-0: Ball
1-0: Ball
2-0: Ball
3-0: Grounds into fielders choice U2 (Groundball, 2R, EV 73.1 MPH)
Matt Davis to third
Roberto Lozano to second
Batting: LHB Ramon Bermudez 0-0: Swinging Strike
0-1: Ball
1-1: Called Strike
1-2: Strikes out swinging
Batting: RHB Clark Beach 0-0: Ball
1-0: Ball
2-0: Called Strike
2-1: Ball
3-1: Base on Balls
Matt Davis scores
Roberto Lozano to third
Jake Foster to second
Batting: SHB Ross Chambers 0-0: Called Strike
0-1: Ground out 5-3 (Groundball, 56S, EV 80.6 MPH)
Bottom of the 4th over - 1 run, 2 hits, 0 errors, 3 left on base; Reno 1 - Salt Lake 7
TOP OF THE 5TH
Reno Aces batting - Pitching for Salt Lake Bees : RHP Carlos Filpo
Batting: RHB Ben Pruiett 0-0: Ground out 3-1 (Groundball, 34S, EV 80.0 MPH)
Batting: LHB Eric Lawrence 0-0: Ball
1-0: Ball
2-0: Called Strike
2-1: Ball
3-1: Base on Balls
Batting: RHB Eric Adams 0-0: Ball
1-0: Foul Ball, location: 3F
1-1: Ball
2-1: Ball
3-1: SINGLE (Groundball, 56D, EV 105.0 MPH)
Eric Lawrence to second
Batting: RHB Giovanni Foreman 0-0: Foul Ball, location: 3FF
0-1: Ball
1-1: Ball
2-1: Fly out, F4 (Popup, 34, EV 66.9 MPH)
Batting: RHB Josh Leazer 0-0: Foul Ball, location: 9LSF
0-1: Fly out, F7 (Flyball, 78S, EV 91.9 MPH)
Top of the 5th over - 0 runs, 1 hit, 0 errors, 2 left on base; Reno 1 - Salt Lake 7
BOTTOM OF THE 5TH
Salt Lake Bees batting - Pitching for Reno Aces : RHP Jim Unknown
Batting: RHB Noah Mahaffey 0-0: Called Strike
0-1: Swinging Strike
0-2: Ball
1-2: Strikes out swinging
Batting: RHB Matthew Allen 0-0: Called Strike
0-1: Ball
1-1: Foul Ball, location: 25FF
1-2: Foul Ball, location: 9LMF
1-2: Ball
2-2: Ball
3-2: Foul Ball, location: 9LSF
3-2: SINGLE (Groundball, 34D, EV 99.4 MPH)
Batting: RHB Juan Cruz 0-0: Ball
1-0: Ball
2-0: Called Strike
2-1: Swinging Strike
2-2: Foul Ball, location: 2F
2-2: Fly out, F3 (Line Drive, 3L, EV 74.4 MPH)
Batting: LHB Matt Davis 0-0: Ball
1-0: Foul Ball, location: 2F
1-1: Ball
2-1: Ball
3-1: Base on Balls
Matthew Allen to second
Batting: RHB Roberto Lozano 0-0: Called Strike
0-1: Foul Ball, location: 3FF
0-2: Fielders Choice at 2nd, 6-4 (Groundball, 6, EV 78.1 MPH)
Bottom of the 5th over - 0 runs, 1 hit, 0 errors, 2 left on base; Reno 1 - Salt Lake 7
TOP OF THE 6TH
Reno Aces batting - Pitching for Salt Lake Bees : RHP Carlos Filpo
Batting: RHB Bob Small 0-0: Ball
1-0: Fly out, F8 (Flyball, 8LM, EV 92.5 MPH)
Batting: RHB Melvin Ramos 0-0: Ball
1-0: Fly out, F5 (Flyball, 5D, EV 89.4 MPH)
Batting: LHB Eric Hamilton 0-0: Ball
1-0: Ball
2-0: Ball
3-0: Called Strike
3-1: Swinging Strike
3-2: Foul Ball, location: 2F
3-2: Base on Balls
Batting: RHB Jason Moberg 0-0: TRIPLE (Flyball, 7LD, EV 96.9 MPH)
Eric Hamilton scores
Batting: RHB Ben Pruiett 0-0: DOUBLE (Flyball, 8RXD, EV 101.9 MPH)
Jason Moberg scores
Batting: LHB Eric Lawrence 0-0: Ball
1-0: Ball
2-0: SINGLE (Groundball, 4D, EV 103.8 MPH)
Ben Pruiett to third
Runner from 3rd tries for Home, SAFE, throw by CF to home
Batting: RHB Eric Adams 0-0: Swinging Strike
0-1: Ball
1-1: Foul Ball, location: 25FF
1-2: Foul Ball, location: 2F
1-2: Strikes out swinging
Top of the 6th over - 3 runs, 3 hits, 0 errors, 1 left on base; Reno 4 - Salt Lake 7
BOTTOM OF THE 6TH
Salt Lake Bees batting - Pitching for Reno Aces : RHP Jim Unknown
Pitching: RHP Jim Unknown
Batting: RHB Jake Foster 0-0: Called Strike
0-1: DOUBLE (Line Drive, 78D, EV 106.3 MPH)
Batting: LHB Ramon Bermudez 0-0: Intentional Walk
Batting: RHB Clark Beach 0-0: Swinging Strike
0-1: Ball
1-1: Swinging Strike
1-2: Ball
2-2: Strikes out swinging
Batting: SHB Ross Chambers 0-0: Called Strike
0-1: Foul Ball, location: 25F
0-2: Foul Ball, location: 2F
0-2: Ball
1-2: SINGLE (Line Drive, 8LS, EV 97.5 MPH)
Jake Foster to third
Ramon Bermudez to second
Batting: RHB Noah Mahaffey 0-0: Called Strike
0-1: Ball
1-1: Called Strike
1-2: Ball
2-2: Strikes out swinging
Batting: RHB Matthew Allen 0-0: Foul Ball, location: 9LSF
0-1: Swinging Strike
0-2: Ball
1-2: Foul Ball, location: 5F
1-2: Ball
2-2: SINGLE (Groundball, 4MD, EV 98.8 MPH)
Jake Foster scores
Ramon Bermudez to third
Ross Chambers to second
Throwing error, E8
Ramon Bermudez scores
Ross Chambers to third
Matthew Allen to second
Batting: RHB Juan Cruz 0-0: SINGLE (Line Drive, 9S, EV 91.9 MPH)
Ross Chambers scores
Matthew Allen to third
Runner from 3rd tries for Home, SAFE, throw by RF to home
Pitching: RHP Jim Unknown
Batting: LHB Matt Davis 0-0: Called Strike
0-1: Ball
1-1: Swinging Strike
1-2: Ball
2-2: Foul Ball, location: 5F
2-2: Ball
3-2: Base on Balls
Juan Cruz to second
Batting: RHB Roberto Lozano 0-0: Ball
1-0: Foul Ball, location: 2F
1-1: Ball
Passed Ball!
Juan Cruz to third
Matt Davis to second
2-1: Ball
3-1: Fly out, F8 (Flyball, 8LM, EV 94.4 MPH)
Bottom of the 6th over - 4 runs, 4 hits, 1 error, 2 left on base; Reno 4 - Salt Lake 11
TOP OF THE 7TH
Reno Aces batting - Pitching for Salt Lake Bees : RHP Carlos Filpo
Batting: RHB Giovanni Foreman 0-0: Ball
1-0: Ball
2-0: Called Strike
2-1: Foul Ball, location: 2F
2-2: Strikes out looking
Pinch Hitting: SHB Jim Unknown 0-0: Called Strike
0-1: Ball
1-1: Foul Ball, location: 2F
1-2: Strikes out swinging
Batting: RHB Bob Small 0-0: Called Strike
0-1: Ball
1-1: Swinging Strike
1-2: Foul Ball, location: 3FF
1-2: Reached on error, E6 (Groundball, 6, EV 77.5 MPH)
Pinch Hitting: SHB Jim Unknown 0-0: Called Strike
0-1: Ball
Bob Small steals 2nd base (no throw)
1-1: Called Strike
1-2: DOUBLE (Flyball, 78D, EV 106.3 MPH)
Bob Small scores
Batting: LHB Eric Hamilton 0-0: Ball
1-0: Ball
2-0: Ball
3-0: SINGLE (Line Drive, 8LS, EV 98.8 MPH)
Jim Unknown to third
Runner from 3rd tries for Home, SAFE, throw by CF to home
Batting: RHB Jason Moberg 0-0: Called Strike
0-1: DOUBLE (Line Drive, 89D, EV 100.0 MPH)
Eric Hamilton to third
Runner from 3rd tries for Home, SAFE, throw by RF to home
Pitching: RHP Karl Sibley
Batting: RHB Ben Pruiett 0-0: Ball
1-0: Foul Ball, location: 9LMF
1-1: Ball
2-1: Swinging Strike
2-2: Strikes out swinging
Top of the 7th over - 3 runs, 3 hits, 1 error, 1 left on base; Reno 7 - Salt Lake 11
BOTTOM OF THE 7TH
Salt Lake Bees batting - Pitching for Reno Aces : RHP Jim Unknown
Now at 3B: Jim Unknown
Now in LF: Jason Moberg
Now in CF: Pat Mancini
Now in RF: Eric Hamilton
Batting: RHB Jake Foster 0-0: Called Strike
0-1: Foul Ball, location: 2F
0-2: SINGLE (Line Drive, 8LS, EV 104.4 MPH)
Batting: LHB Ramon Bermudez 0-0: Ball
1-0: 2-RUN HOME RUN (Flyball, 9D, EV 103.8 MPH), Distance : 384 ft
Batting: RHB Clark Beach 0-0: Called Strike
0-1: SINGLE (Line Drive, 9LS, EV 109.4 MPH)
Batting: SHB Ross Chambers 0-0: Called Strike
0-1: 2-RUN HOME RUN (Flyball, 7LD, EV 95.6 MPH), Distance : 360 ft
Pitching: RHP Jim Unknown
Batting: RHB Noah Mahaffey 0-0: Swinging Strike
0-1: Ball
1-1: Foul Ball, location: 7LMF
1-2: Strikes out swinging
Batting: RHB Matthew Allen 0-0: Called Strike
0-1: Swinging Strike
0-2: Strikes out swinging
Batting: RHB Juan Cruz 0-0: Ball
1-0: Ball
2-0: Called Strike
2-1: Swinging Strike
2-2: Fly out, F4 (Popup, 4, EV 60.0 MPH)
Bottom of the 7th over - 4 runs, 4 hits, 0 errors, 0 left on base; Reno 7 - Salt Lake 15
TOP OF THE 8TH
Reno Aces batting - Pitching for Salt Lake Bees : RHP Karl Sibley
Batting: LHB Eric Lawrence 0-0: Ball
1-0: Fly out, F9 (Line Drive, 89S, EV 90.6 MPH)
Batting: RHB Eric Adams 0-0: Fly out, F8 (Flyball, 8LM, EV 78.8 MPH)
Batting: RHB Giovanni Foreman 0-0: Called Strike
0-1: Ball
1-1: Ground out 5-3 (Groundball, 56S, EV 72.5 MPH)
Top of the 8th over - 0 runs, 0 hits, 0 errors, 0 left on base; Reno 7 - Salt Lake 15
BOTTOM OF THE 8TH
Salt Lake Bees batting - Pitching for Reno Aces : RHP Jim Unknown
Batting: LHB Matt Davis 0-0: Swinging Strike
0-1: Ball
1-1: Called Strike
1-2: Ball
2-2: SINGLE (Flyball, 6D, EV 92.5 MPH)
Batting: RHB Roberto Lozano 0-0: Called Strike
0-1: Ball
1-1: Ball
2-1: Foul Ball, location: 2RF
2-2: Fly out, F7 (Flyball, 7S, EV 88.8 MPH)
Batting: RHB Jake Foster 0-0: Swinging Strike
0-1: Foul Ball, location: 5DF
0-2: Ball
1-2: Foul Ball, location: 5F
1-2: Ball
2-2: 2-RUN HOME RUN (Flyball, 78XD, EV 103.1 MPH), Distance : 404 ft
Batting: LHB Ramon Bermudez 0-0: Called Strike
0-1: Ball
1-1: Swinging Strike
1-2: Ball
2-2: Ball
3-2: Foul Ball, location: 5F
3-2: SINGLE (Line Drive, 7S, EV 93.1 MPH)
Batting: RHB Clark Beach 0-0: Ground out 5-3 (Groundball, 56S, EV 66.9 MPH)
Ramon Bermudez to second
Pinch Hitting: LHB Josh Alderete 0-0: Called Strike
0-1: Ball
1-1: Foul Ball, location: 7LDF
1-2: Ball
2-2: Strikes out swinging
Bottom of the 8th over - 2 runs, 3 hits, 0 errors, 1 left on base; Reno 7 - Salt Lake 17
TOP OF THE 9TH
Reno Aces batting - Pitching for Salt Lake Bees : RHP Karl Sibley
Now in LF: Roger Adkins
Batting: SHB Jim Unknown 0-0: Ball
1-0: Swinging Strike
1-1: Ball
2-1: Foul Ball, location: 23FF
2-2: Strikes out swinging
Batting: RHB Bob Small 0-0: Swinging Strike
0-1: Fly out, F6 (Popup, 6D, EV 60.0 MPH)
Batting: RHB Pat Mancini 0-0: Foul Ball, location: 2F
0-1: Ball
1-1: Ball
2-1: Ground out 5-3 (Groundball, 56, EV 86.9 MPH)
Top of the 9th over - 0 runs, 0 hits, 0 errors, 0 left on base; Reno 7 - Salt Lake 17
Monday, April 1st , 2024 - OOTP Baseball 24.11 Build 85